 Dungeon Crawl Stone Soup version 0.30.0-18-gc0e69614cb (webtiles) character file.

Game seed: 17571242240921586360

3143 Bnni the Geomancer (level 10, -4/77 HPs)
             Began as a Formicid Earth Elementalist on May 24, 2023.
             Was a Believer of Cheibriados.
             Slain by a yak (12 damage)
             ... on level 8 of the Dungeon.
             The game lasted 00:12:59 (7868 turns).

Bnni the Geomancer (Formicid Earth Elementalist)    Turns: 7868, Time: 00:13:03

Health: -4/77      AC: 10    Str: 18    XL:     10   Next: 15%
Magic:  13/16      EV: 10    Int: 24    God:    Cheibriados [**....]
Gold:   8          SH:  0    Dex: 19    Spells: 2/17 levels left

rFire   + . .        x - +9 short sword of Generosity {freeze, rPois}
rCold   + . .        (no shield)
rNeg    . . .        w - +0 scale mail
rPois   +            (helmet unavailable)
rElec   .            u - scarf {rC+ rF+}
rCorr   .            (no gloves)
SInv    +            (no boots)
Will    +....        (no amulet)
Stlth   +            E - +4 ring of protection
HPRegen 0.32/turn    o - ring of poison resistance
MPRegen 0.15/turn

%: no passive effects
@: very slow
A: permanent stasis, dig shafts and tunnels, antennae 3, four strong arms
a: Dig, Shaft Self, Renounce Religion, Bend Time


You were on level 8 of the Dungeon.
You worshipped Cheibriados.
Cheibriados was pleased with you.
You visited 2 branches of the dungeon, and saw 10 of its levels.

You collected 404 gold pieces.
You spent 396 gold pieces at shops.

Inventory:

Hand Weapons
 x - the +9 short sword of Generosity (weapon) {freeze, rPois}
   (You found it on level 7 of the Dungeon)

   rPois:     It protects you from poison.
 y - a +2 short sword of venom
Missiles
 s - 9 poisoned darts
Armour
 d - a +0 cloak
 g - a +0 plate armour
 u - a scarf of resistance (worn)
 w - a +0 scale mail (worn)
Jewellery
 o - a ring of poison resistance (right hand)
 E - a +4 ring of protection (left hand)
Wands
 z - a wand of flame (5)
 C - a wand of digging (1)
 D - a wand of roots (2)
Scrolls
 c - a scroll of fear {unknown}
 f - 2 scrolls of enchant weapon
 i - 4 scrolls of poison {unknown}
 j - 5 scrolls of amnesia {unknown}
 k - 2 scrolls of vulnerability {unknown}
 p - 2 scrolls of brand weapon {unknown}
 r - 3 scrolls of magic mapping {unknown}
 t - a scroll of enchant armour {unknown}
 v - a scroll of blinking {unknown}
 A - a scroll of immolation {unknown}
 B - a scroll of acquirement
Potions
 a - 3 potions of brilliance
 b - a potion of magic
 e - 2 potions of mutation
 h - 2 potions of lignification
 l - 5 potions of curing
 m - a potion of heal wounds
 n - 2 potions of might
 q - 3 potions of flight


   Skills:
 + Level 6.6 Fighting
 - Level 1.7 Dodging
 - Level 2.4 Stealth
 - Level 4.0 Spellcasting
 + Level 3.7 Necromancy
 - Level 4.0 Transmutations
 * Level 11.0 Earth Magic
 + Level 6.1 Invocations


You had 2 spell levels left.
You knew the following spells:

 Your Spells              Type           Power      Damage    Failure   Level
a - Sandblast             Erth           100%       2d20      1%          1
b - Passwall              Tmut/Erth      33%        N/A       2%          2
c - Stone Arrow           Conj/Erth      62%        3d10      11%         3
d - Petrify               Tmut/Erth      40%        N/A       16%         4
e - Borgnjor's Vile Clut  Necr/Erth      20%        N/A       41%         5

Your spell library contained the following spells:

 Spells                   Type           Power      Damage    Failure   Level
 Necrotise                Necr           88%        1d8       7%          1
 Sting                    Tmut/Pois      56%        1d5       14%         1
 Apportation              Tloc           8%         N/A       32%         1
 Summon Small Mammal      Summ           16%        N/A       32%         1
 Poisonous Vapours        Pois/Air       8%         N/A       45%         2
 Scorch                   Fire           8%         2d5       45%         2
 Animate Dead             Necr           22%        N/A       56%         4
 Call Canine Familiar     Summ           4%         N/A       69%         3
 Summon Guardian Golem    Hex/Summ       4%         N/A       69%         3
 Cause Fear               Hex            2%         N/A       97%         4
 Flame Wave               Conj/Fire      4%         2d5       97%         4
 Olgreb's Toxic Radiance  Pois           4%         N/A       97%         4
 Death Channel            Necr           11%        N/A       100%        6
 Summon Cactus Giant      Summ           2%         N/A       100%        6
 Dragon Form              Tmut           12%        N/A       100%        7
 Dragon's Call            Summ           2%         N/A       100%        9


Dungeon Overview and Level Annotations

Branches:
Dungeon (9/15)             Temple (1/1) D:4
   Lair: D:8-11         Orc: D:9-12

Altars:
Ashenzari
Cheibriados
Dithmenos
Elyvilon
Gozag
Nemelex Xobeh
Ru
Sif Muna
Wu Jian
Xom
Yredelemnul
Zin
The Shining One

Shops:
D:1 :


Innate Abilities, Weirdness & Mutations

You cannot be hasted, slowed, berserked, paralysed or teleported.
You can dig through walls and to a lower floor.
You have a pair of large antennae on your head. (SInv)
Your four strong arms can wield two-handed weapons with a shield.


Message History

Cheibriados appreciates the change of pace.
Aiming: Sandblast (safe; 1% risk of failure)
Press: ? - help, Q - select action, (/) - cycle Shift-Dir - straight line, f - you That would be overly suicidal.
Okay, then.
Unknown command.
HP restored.
Magic restored.
Done exploring.
You climb downwards.
The yak closely misses you. The yak gores you! x2
The yak gores you but does no damage. The orc hits you with a +0 club.
There is a stone staircase leading up, spattered with blood here.
The yak gores you!
The yak gores you but does no damage. x2
The yak misses you. The orc hits you but does no damage.
You climb upwards.
There is a stone staircase leading down here.
Aiming: Sandblast (safe; 1% risk of failure)
Press: ? - help, Q - select action, (/) - cycle Shift-Dir - straight line, f - yak
Aim: a yak (91% to hit)
The blast of sand hits the yak!!
The yak is almost dead.
The yak gores you.
The yak gores you! x2; The yak gores you.
Aiming: Sandblast (safe; 1% risk of failure)
Press: ? - help, Q - select action, (/) - cycle Shift-Dir - straight line, f/p - yak
Aim: a yak (severely wounded, 91% to hit)
The blast of sand hits the yak.
The yak is almost dead.
The yak barely misses you. The yak gores you.
Aiming: Sandblast (safe; 1% risk of failure)
Press: ? - help, Q - select action, (/) - cycle Shift-Dir - straight line, f/p - yak
Aim: a yak (almost dead, 91% to hit)
The blast of sand hits the yak!
You kill the yak!
Cheibriados thoroughly appreciates the change of pace.
The yak gores you!
* * * LOW HITPOINT WARNING * * *
The yak gores you!
* * * LOW HITPOINT WARNING * * *
The yak gores you!
You die...

#.....#.#.#.#
#.........#.......
..#.......#.#
#.####.##.#.######
###.###).##.# #.........#.#
# ............#
###.###.###.# #
..........### #..)......#.#
#
..........######...###.#.#.#
#
...............#Yo.....#...#
#
......########.YY##.########
## ......# ###@##.# #<
....### ####.# ## ###.#
###.############. #.#
#................ #.#
#.#.############. ###.#
#.#.............. ....#
#.##########..###
#################.#...#
#.......
#..............#.#...#
#.#.####


You could see 3 yaks and an orc.

Vanquished Creatures
  Psyche (D:8)
  Prince Ribbit (D:5)
  Sigmund (D:2)
  The ghost of Elsvaer the Conjurer, an amateur DECj (D:5)
  3 yaks (D:8)
  A wyvern (D:8)
  A water moccasin (D:7)
  An ice beast (D:7)
  2 sky beasts
  2 ogres
  2 centaurs
  4 bullfrogs
  A gnoll sergeant (D:7)
  A scorpion (D:6)
  4 hounds
  3 orc priests
  2 jellies (D:5)
  2 iguanas
  2 sleepcaps
  6 orc wizards
  A mummy (D:7)
  4 gnolls (D:7)
  18 adders
  A shadow imp (D:7)
  A worm (D:4)
  2 dart slugs
  25 orcs
  6 ball pythons
  4 bats
  4 endoplasms
  A giant cockroach (D:1)
  10 goblins
  10 hobgoblins
  2 jackals (D:1)
  8 kobolds
  3 quokkas (D:1)
  4 frilled lizards
  A hobgoblin zombie (D:7)
  A kobold zombie (D:7)
  2 orc zombies (D:7)
  7 rats
156 creatures vanquished.

Notes
Turn   | Place    | Note
-------+----------+-------------------------------------------
     0 | D:1      | Bnni the Formicid Earth Elementalist began the quest for
                  | the Orb.
     0 | D:1      | Reached XP level 1. HP: 13/13 MP: 3/3
   189 | D:1      | Found Huoteij's Book Emporium.
   215 | D:1      | Reached XP level 2. HP: 20/20 MP: 0/5
   311 | D:1      | Reached skill level 4 in Earth Magic
   491 | D:1      | Reached XP level 3. HP: 21/25 MP: 3/6
   493 | D:1      | Reached skill level 1 in Fighting
   852 | D:2      | Found an ornate altar of the Wu Jian Council.
   853 | D:2      | Noticed Sigmund
   988 | D:1      | Learned a level 2 spell: Passwall
   992 | D:1      | Learned a level 3 spell: Stone Arrow
   997 | D:2      | Killed Sigmund
   998 | D:2      | Reached skill level 5 in Earth Magic
   998 | D:2      | Reached XP level 4. HP: 26/33 MP: 2/8
   998 | D:2      | Reached XP level 5. HP: 30/38 MP: 2/9
  1032 | D:2      | Learned a level 4 spell: Petrify
  1072 | D:2      | Reached XP level 6. HP: 44/44 MP: 6/10
  1915 | D:3      | You fall into a shaft and drop 2 floors!
  1915 | D:5      | Entered Level 5 of the Dungeon
  2023 | D:3      | Reached skill level 6 in Earth Magic
  2415 | D:3      | Found a sparkling altar of Nemelex Xobeh.
  2799 | D:4      | Noticed an ogre
  2805 | D:4      | Killed an ogre
  2806 | D:4      | Reached XP level 7. HP: 52/52 MP: 9/12
  3183 | D:4      | Found a staircase to the Ecumenical Temple.
  3188 | Temple   | Entered the Ecumenical Temple
  3225 | Temple   | Became a worshipper of Cheibriados the Contemplative
  3792 | D:5      | Reached skill level 1 in Invocations
  3955 | D:5      | Noticed Prince Ribbit
  3965 | D:5      | Killed Prince Ribbit
  3966 | D:5      | Reached skill level 7 in Earth Magic
  3966 | D:5      | Reached XP level 8. HP: 34/60 MP: 6/14
  4059 | D:5      | Found a runed translucent door.
  4070 | D:5      | Noticed Elsvaer's ghost (amateur DECj)
  4081 | D:5      | Killed Elsvaer's ghost
  4082 | D:5      | Reached skill level 8 in Earth Magic
  4489 | D:5      | Reached * piety under Cheibriados
  4767 | D:6      | Found a shadowy altar of Dithmenos.
  4767 | D:6      | Found a sacrificial altar of Ru.
  4790 | D:6      | Reached skill level 5 in Fighting
  4885 | D:6      | Reached XP level 9. HP: 68/68 MP: 13/15
  4973 | D:6      | Found a glowing silver altar of Zin.
  5017 | D:6      | Reached skill level 1 in Necromancy
  5017 | D:6      | Reached skill level 9 in Earth Magic
  5436 | D:6      | Found an opulent altar of Gozag.
  5832 | D:7      | Identified the +9 short sword of Generosity {freeze, rPois}
  5909 | D:7      | Reached ** piety under Cheibriados
  5988 | D:7      | Reached skill level 5 in Invocations
  6229 | D:7      | Reached skill level 10 in Earth Magic
  6310 | D:7      | Identified a scroll of acquirement
  6916 | D:8      | Noticed Psyche
  6921 | D:8      | Killed Psyche
  6986 | D:8      | Reached XP level 10. HP: 77/77 MP: 14/16
  7418 | D:1      | Bought a book of Unlife for 396 gold pieces
  7424 | D:1      | Learned a level 5 spell: Borgnjor's Vile Clutch
  7808 | D:8      | Reached skill level 11 in Earth Magic
  7868 | D:8      | Slain by a yak

Illustrated notes

Levels and vault maps discovered:
D:1:      dpeg_arrival_signposts, layout_rooms, serial_shops,
          nicolae_shop_back_alley_shop, minmay_split_cup_large
D:2:      layout_loops_cross, basic_altar, uniq_sigmund
D:3:      layout_basic, lemuel_round_altar
D:4:      layout_basic, minmay_temple_entry_proselytizer
D:5:      layout_basic, ebering_ghost_sewer_d, nicolae_sextant,
          uniq_prince_ribbit1
D:6:      layout_gridville, pdpol_temple_overflow_zin_treasury_gozag_greed,
          grunt_temple_overflow_open, serial_rivers,
          chequers_serial_rivers_large_b, chequers_serial_rivers_micro_a,
          chequers_serial_rivers_micro_a, chequers_serial_rivers_micro_e,
          chequers_serial_rivers_small_b
D:7:      layout_cave_pools, kennysheep_nondescript, minmay_mini_ossuary
D:8:      layout_basic, uniq_psyche
D:9:      layout_loops_ring, tgw_fedhas, minmay_misc_feat_square
Temple:   eino_temple_scatter_basement

Skill      XL: |  1  2  3  4  5  6  7  8  9 10 |
---------------+-------------------------------+-----
Earth Magic    | 4 5 6 7 8 10 11 | 11.0
Fighting       | 2 3 4 5 6 |  6.6
Spellcasting   | 3 4 |  4.0
Transmutations | 2 3 4 |  4.0
Invocations    | 2 4 5 6 |  6.1
Necromancy     | 3 |  3.7
Dodging        | |  1.7
Stealth        | |  2.4

Action                     |  1- 3 |  4- 6 |  7- 9 | 10-12 || total
---------------------------+-------+-------+-------+-------++-------
  Melee: Dagger            |    16 |     2 |       |       ||    18
         Short sword       |       |       |     7 |     2 ||     9
  Throw: Dart              |       |     4 |     2 |       ||     6
   Cast: Sandblast         |    39 |    57 |   144 |    20 ||   260
Ability: Dig               |       |       |     1 |       ||     1
    Use: Potion            |     1 |       |       |       ||     1
         Scroll            |       |       |     8 |     1 ||     9
 Armour: Robe              |     6 |     4 |       |       ||    10
         Ring mail         |       |       |    20 |       ||    20
         Scale mail        |       |       |     5 |    19 ||    24
  Dodge: Dodged            |    39 |    20 |    57 |     8 ||   124
